AoeStats
← 297539664

Arena

509298135Analyzed
4v4 RM · 6d ago on Sep 26, 2026· 34m 2s· 8 players
Game mode
Random Map
Map size
Large (8 player)
Population
200
Speed
Normal
Resources
Standard
Victory
Conquest
Starting age
Dark Age
Ending age
Imperial Age
RankedLock teamsTeams togetherTeam positionsShared explorationLock speedFull tech treeHidden civsTurbo modeCheats
Victory
Defeat
🇩🇪 Danes · Germany
1603
+9
🇳🇴 Khmer · Norway
1596
+9
🇫🇮 Ethiopians · Finland
1481
+14
🇨🇦 Saxons · Canada
1424
+15
🇹🇼 Mongols · Taiwan
1516
-15
🇨🇳 Ethiopians · China
1470
-13
🇦🇪 Byzantines · United Arab Emirates
1398
-10
🇨🇳 Dravidians · China
1344
-9
Abadengo
10:40 Feudal Age
15:13 Castle Age
12:55 Horse Collar
13:25 Double-Bit Axe
16:16 Bow Saw
18:17 Wheelbarrow
20:29 Hand Cart
22:32 Heavy Plow
297539664
9:59 Feudal Age
13:46 Castle Age
11:45 Double-Bit Axe
12:54 Horse Collar
15:06 Bow Saw
14:59 Heavy Plow
21:32 Gold Mining
23:47 Gold Shaft Mining
26:12 Wheelbarrow
28:57 Imperial Age
26:35 Padded Archer Armor
26:26 Fletching
26:20 Crossbowman
27:43 Thumb Ring
27:57 Hand Cart
28:08 Ballistics
29:27 Leather Archer Armor
29:08 Bodkin Arrow
30:38 Chemistry
29:01 Arbalester
30:55 Ring Archer Armor
31:06 Bracer
32:48 Loom
Geo
4:50 Loom
7:31 Feudal Age
8:06 Double-Bit Axe
9:15 Fletching
12:11 Horse Collar
14:23 Town Watch
21:39 Castle Age
20:20 Stone Mining
22:29 Wheelbarrow
22:48 Bow Saw
22:37 Bodkin Arrow
精锐磁暴步兵
9:43 Feudal Age
11:49 Loom
14:37 Castle Age
12:56 Double-Bit Axe
13:14 Horse Collar
14:00 Gold Mining
22:46 Town Watch
25:08 Wheelbarrow
24:50 Bow Saw
24:52 Heavy Plow
daMastah2
9:44 Feudal Age
9:16 Loom
12:26 Castle Age
11:27 Double-Bit Axe
11:23 Horse Collar
11:48 Horse Collar
13:23 Bow Saw
21:04 Coinage
22:11 Heavy Plow
25:14 Wheelbarrow
25:00 Gold Mining
25:05 Stone Mining
thaebS
10:13 Feudal Age
11:40 Double-Bit Axe
13:58 Castle Age
11:53 Horse Collar
15:13 Heavy Plow
21:25 Wheelbarrow
21:30 Loom
21:48 Gold Mining
22:13 Bow Saw
27:52 Imperial Age
27:58 Imperial Age
25:48 Hand Cart
25:33 Stone Mining
26:21 Town Watch
27:38 Gold Shaft Mining
27:39 Stone Shaft Mining
27:16 Masonry
27:20 Forging
27:10 Scale Mail Armor
27:32 Town Patrol
29:14 Iron Casting
30:11 Chemistry
30:14 Two-Man Saw
29:17 Torsion Engines
29:26 Siege Engineers
29:17 Heavy Scorpion
30:02 Fletching
31:04 Conscription
32:00 Bodkin Arrow
32:47 Chain Mail Armor
33:32 Blast Furnace
32:27 Capped Ram
33:30 Siege Ram
34:18 Royal Heirs
34:50 Plate Mail Armor
Eiseob
10:47 Feudal Age
12:11 Double-Bit Axe
14:44 Castle Age
13:11 Horse Collar
16:15 Bow Saw
21:24 Stone Mining
22:03 Loom
22:56 Wheelbarrow
23:26 Heavy Plow
24:50 Hand Cart
28:04 Imperial Age
25:51 Gold Mining
26:21 Scale Mail Armor
26:31 Forging
27:23 Padded Archer Armor
27:39 Chain Mail Armor
27:19 Hamask
28:38 Iron Casting
28:46 Squires
28:33 Arson
29:19 Conscription
30:01 Elite Jomsviking
Birdlovingasian
8:13 Loom
10:33 Feudal Age
14:30 Castle Age
13:41 Fletching
28:25 Wheelbarrow
28:57 Double-Bit Axe
32:20 Horse Collar
34:05 Bow Saw
Connection lost

Rejoining the realm…

Still unreachable

The connection could not be restored.

Session expired

The server has moved on; the page needs a fresh start.